Map: Flashback EE

Players

TATORREA - Winner!

  • Race: Protoss Protoss
  • League: Silver
  • Spawn Location: 9:00

MrFercho - Winner!

  • Race: Zerg Zerg
  • League: Silver
  • Spawn Location: 11:00

tigro - Winner!

  • Race: Terran Terran
  • League: Bronze
  • Spawn Location: 11:00

SIMPSON

  • Race: Zerg Zerg
  • League: Silver
  • Spawn Location: 7:00

Ace

  • Race: Zerg Zerg
  • League: Silver
  • Spawn Location: 7:00

BeachChicken

  • Race: Protoss Protoss
  • Spawn Location: 7:00

VOD

Have the link to the VOD?

Description

Time

  • Played on: June 24, 2020, 9:15 p.m.
  • Length: 17:16
Show
View Real Time Build Order
Export as new Build Order

TATORREA Protoss - Winner!

Build Orders: Carriers 

Get SALT Encoding   

  12  0:04  Probe  
  13  0:16  Probe  
  14  0:28  Probe  
  14  0:30  Pylon  
  15  0:48  Probe  
  16  0:54  Gateway  
  16  0:59  Gateway, Probe  
  17  1:07  Probe  
  17  1:08  Assimilator  
  17  1:15  Probe  
  17  1:16  Pylon  
  19  1:26  Probe  
  20  1:35  Assimilator  
  20  1:36  Probe  
  21  1:45  Probe  
  21  1:50  Forge  
  21  1:53  Probe  
  22  1:57  Cybernetics Core  
  23  2:05  Probe  
  24  2:08  Pylon  
  24  2:17  Probe  
  25  2:37  Nexus  
  25  2:43  Pylon  
  25  2:45  Probe  
  26  2:57  Warp Gate, Probe  
  27  3:03  Photon Cannon  
  27  3:12  Photon Cannon  
  27  3:13  Probe  
  28  3:22  Protoss Ground Weapons Level 1  
  28  3:25  Probe  
  29  3:36  Stalker  
  29  3:37  Probe  
  32  3:49  Probe  
  32  3:50  Stalker  
  32  3:51  Probe  
  36  4:01  Assimilator, Probe  
  37  4:03  Probe  
  37  4:07  Assimilator  
  38  4:13  Probe  
  38  4:16  Probe  
  40  4:23  Pylon  
  40  4:25  Pylon, Probe  
  40  4:28  Probe  
  42  4:38  Probe  
  43  4:40  Probe  
  44  4:48  Stalker x2  
  48  4:53  Probe x2  
  50  5:02  Stargate  
  50  5:03  Stargate  
  50  5:05  Probe x2  
  52  5:17  Probe x2  
  52  5:18  Nexus  
  54  5:24  Pylon  
  54  5:29  Probe x2  
  56  5:41  Probe x2  
  58  5:45  Stalker  
  58  5:47  Stalker  
  62  5:53  Probe x2  
  56  6:20  Stalker  
  56  6:21  Stalker  
  56  6:39  Probe x3  
  59  6:46  Stalker  
  61  6:47  Stalker  
  61  6:51  Probe x3  
  66  7:03  Probe x3  
  66  7:06  Assimilator  
  69  7:11  Assimilator  
  69  7:14  Pylon  
  69  7:15  Probe  
  70  7:17  Pylon  
  70  7:22  Fleet Beacon  
  70  7:26  Pylon  
  70  7:27  Pylon x2  
  70  7:28  Pylon  
  70  7:32  Probe x3  
  73  7:43  Stalker  
  73  7:44  Stalker, Probe x3  
  80  8:11  Protoss Air Weapons Level 1  
  80  8:13  Nexus  
  80  8:15  Pylon  
  80  8:17  Pylon  
  80  8:18  Pylon  
  80  8:22  Assimilator  
  80  8:23  Assimilator, Probe x2  
  80  8:24  Probe  
  83  8:35  Probe  
  83  8:36  Probe x2  
  86  8:43  Stargate  
  86  8:45  Stargate  
  86  8:47  Probe  
  86  8:48  Probe x2  
  89  8:54  Stalker  
  89  8:55  Stalker  
  93  9:00  Probe x2  
  95  9:21  Stalker x2  
  99  9:31  Carrier x2  
  99  9:37  Tempest  
  99  9:38  Tempest  
  121  9:50  Nexus  
  121  9:52  Pylon  
  121  9:54  Pylon  
  121  9:57  Cybernetics Core  
  121  10:05  Carrier  
  121  10:12  Protoss Air Armor Level 1, Tempest  
  132  10:25  Carrier  
  132  10:26  Tempest  
  143  10:40  Carrier  
  143  10:44  Protoss Air Weapons Level 2  
  143  10:57  Carrier  
  149  11:00  Tempest  
  149  11:08  Protoss Ground Armor Level 1  
  160  11:15  Twilight Council  
  160  11:17  Tempest  
  160  11:30  Carrier  
  160  11:32  Tempest  
  176  11:52  Carrier x2, Probe  
  189  12:13  Tempest  
  194  12:34  Carrier  
  166  13:38  Tempest  
  158  13:57  Tempest, Carrier x2  
  156  14:21  Tempest, Probe x2  
  156  14:22  Probe x2  
  156  14:23  Probe  
  166  14:33  Probe x2  
  166  14:34  Probe  
  165  14:40  Carrier  
  171  14:48  Probe x4  
  171  14:49  Probe  
  176  15:00  Probe x3  
  176  15:01  Tempest, Probe  
  176  15:02  Carrier  
  176  15:04  Tempest  
  162  15:44  Tempest, Carrier  
  162  15:47  Carrier  
  157  16:05  Tempest  
Show
View Real Time Build Order
Export as new Build Order

MrFercho Zerg - Winner!

Build Orders: Hatch First, Muta Ling Bane 

Get SALT Encoding   

  12  0:02  Drone  
  13  0:36  Hatchery  
  12  0:53  Drone x2  
  14  1:01  Spawning Pool  
  14  1:02  Extractor  
  12  1:07  Extractor  
  11  1:12  Drone  
  11  1:14  Drone  
  15  1:20  Overlord  
  15  1:40  Drone x2  
  17  1:54  Zergling x4  
  19  1:58  Extractor, Drone  
  19  1:59  Drone  
  20  2:04  Queen  
  22  2:16  Drone x2  
  22  2:17  Extractor  
  24  2:22  Zergling x2  
  24  2:23  Zergling x2  
  25  2:44  Hatchery  
  24  2:46  Overlord x2  
  24  2:49  Zergling x2  
  25  3:01  Drone x3  
  28  3:08  Zergling x4  
  30  3:18  Zergling x2  
  30  3:19  Zergling x2  
  32  3:24  Drone  
  32  3:25  Drone  
  34  3:35  Metabolic Boost  
  34  3:39  Zergling x4  
  36  3:43  Drone  
  37  3:49  Drone  
  37  3:50  Drone  
  39  3:56  Zergling x2  
  39  3:57  Zergling x2  
  39  4:02  Zergling x2  
  42  4:05  Zergling x2  
  43  4:27  Zergling x14  
  50  4:57  Lair  
  50  5:13  Baneling Nest  
  50  5:14  Overlord x3, Drone  
  50  5:15  Overlord x3  
  50  5:16  Overlord  
  50  5:26  Extractor  
  50  5:27  Drone  
  50  5:31  Extractor  
  50  5:33  Drone x4  
  53  5:42  Drone x3  
  56  5:50  Drone x3  
  56  5:52  Evolution Chamber  
  56  5:56  Overseer  
  59  6:11  Zergling x10  
  59  6:14  Nydus Network  
  59  6:39  Zergling x14  
  69  6:40  Zergling x12  
  72  7:09  Zergling x24  
  84  7:18  Spire  
  83  7:36  Centrifical Hooks  
  83  7:40  Zerg Melee Weapons Level 1  
  83  7:46  Baneling x6  
  83  7:50  Drone  
  83  7:51  Drone x6  
  90  8:04  Overlord x3  
  90  8:25  Nydus Canal  
  90  8:36  Mutalisk x8  
  106  8:53  Nydus Canal  
  78  9:39  Mutalisk x9  
  96  9:54  Corruptor x3  
  102  10:09  Spore Crawler x3  
  102  10:11  Drone x3, Spore Crawler  
  102  10:12  Spore Crawler  
  102  10:14  Spore Crawler x2  
  98  10:36  Corruptor x5  
  108  10:47  Overlord x2  
  108  11:03  Drone x5  
  113  11:07  Hatchery  
  113  11:08  Overlord x2  
  113  11:10  Extractor  
  113  11:11  Drone x2  
  113  11:31  Corruptor  
  113  11:32  Corruptor x2  
  119  11:44  Infestation Pit  
  119  11:46  Zerg Flyer Weapons Level 1  
  118  11:49  Drone  
  118  11:50  Drone x2  
  121  12:13  Drone  
  121  12:14  Drone x8  
  80  12:59  Corruptor  
  80  13:00  Corruptor x5  
  62  13:11  Corruptor x2  
  66  13:15  Drone x2  
  66  13:16  Drone  
  63  13:51  Hive  
  63  13:53  Mutalisk x8  
  63  13:54  Mutalisk  
  81  14:15  Zerg Ground Armor Level 1  
  81  14:17  Mutalisk x3  
  87  14:42  Mutalisk x4  
  95  14:49  Extractor  
  94  14:57  Queen  
  94  15:30  Corruptor  
  94  15:31  Corruptor x5  
  92  16:10  Mutalisk x6  
  96  16:30  Mutalisk x2  
  100  16:45  Zergling x32  
  114  16:51  Hatchery  
Show
View Real Time Build Order
Export as new Build Order

tigro Terran - Winner!

Build Orders:  

Get SALT Encoding   

  12  0:02  SCV  
  13  0:14  SCV  
  14  0:25  Supply Depot  
  14  0:26  SCV  
  15  0:46  SCV  
  15  0:47  Refinery  
  16  0:55  Barracks  
  16  0:58  SCV  
  17  1:07  Refinery  
  17  1:11  SCV  
  18  1:19  Supply Depot  
  18  1:23  SCV  
  19  1:35  SCV  
  20  1:42  Marine  
  21  1:47  SCV  
  22  1:54  Barracks  
  22  2:00  Marine  
  23  2:08  SCV  
  24  2:17  Marine  
  24  2:20  SCV  
  24  2:22  Engineering Bay  
  26  2:35  Marine  
  27  2:45  Barracks Reactor  
  27  2:53  Marine  
  28  3:07  Factory  
  28  3:08  Terran Infantry Weapons Level 1  
  28  3:14  Barracks Tech Lab  
  28  3:22  Orbital Command  
  28  3:35  Marine x3  
  31  3:52  Marine  
  31  3:53  Marine x2  
  31  3:54  Factory Tech Lab  
  34  4:10  Marine  
  34  4:11  Marine x2  
  34  4:14  Starport  
  37  4:28  Marine x2  
  39  4:40  Command Center  
  39  5:02  Terran Infantry Armor Level 1  
  39  5:09  Starport  
  39  5:17  Medivac, Marine, Siege Tank  
  45  5:49  Starport Tech Lab  
  45  5:51  Starport Tech Lab  
  45  5:52  Armory  
  45  5:55  Refinery  
  45  6:28  Marine  
  45  6:29  Marine x2  
  46  6:33  SCV  
  47  6:45  SCV  
  47  6:46  Marine x3  
  50  6:56  Neosteel Armor  
  50  6:57  SCV  
  51  7:04  Marine x3  
  54  7:09  SCV  
  54  7:12  Supply Depot  
  55  7:21  SCV  
  55  7:22  Marine x3, Banshee  
  62  7:34  Medivac  
  62  7:36  Supply Depot  
  64  7:40  Marine  
  65  7:46  Refinery  
  65  7:58  Supply Depot  
  65  8:04  Banshee  
  68  8:20  Command Center  
  68  8:21  Fusion Core  
  68  8:24  Terran Vehicle Weapons Level 1  
  68  8:27  Combat Shield  
  68  8:36  Hi-Sec Auto Tracking  
  56  9:33  Terran Infantry Weapons Level 2, Marine  
  56  9:34  Marine x2  
  59  9:46  Stimpack  
  59  9:51  Marine x2  
  59  9:52  Marine  
  47  10:09  Marine x3  
  45  10:27  Marine x3  
  46  10:40  Medivac  
  46  10:41  Medivac  
  50  10:45  Marine x3  
  50  10:49  SCV, Refinery  
  54  11:02  Marine, SCV  
  54  11:03  Marine x2, SCV  
  59  11:14  SCV  
  59  11:15  SCV  
  61  11:20  Marine  
  61  11:21  Marine x2  
  64  11:26  Concussive Shells, SCV  
  64  11:27  SCV  
  66  11:38  Marine, SCV  
  68  11:44  Marine x2  
  70  11:48  Terran Infantry Armor Level 2  
  70  11:50  SCV  
  70  11:52  Refinery  
  71  11:56  Marine  
  72  12:01  Marine  
  72  12:02  Marine, SCV  
  72  12:07  SCV  
  76  12:14  Marine, SCV  
  78  12:19  Marine  
  78  12:20  Marine  
  80  12:26  SCV  
  80  12:28  Battlecruiser  
  87  12:32  Marine  
  88  12:37  Marine  
  88  12:38  SCV  
  88  12:44  SCV  
  91  12:50  SCV  
  65  12:56  SCV  
  59  13:02  Marine  
  59  13:03  Marine x2  
  59  13:06  Medivac  
  59  13:08  SCV  
  46  13:20  Marine x2  
  46  13:21  Marine  
  44  13:38  Marine x3  
  31  13:48  SCV  
  32  13:56  Marine x3  
  32  14:00  SCV  
  36  14:12  Weapon Refit  
  36  14:13  SCV  
  36  14:14  Marine x3  
  36  14:16  Planetary Fortress  
  40  14:25  SCV  
  41  14:32  Marine x3  
  41  14:37  SCV  
  45  14:49  Marine  
  45  14:50  Marine x2  
  48  14:57  Planetary Fortress  
  48  15:04  SCV  
  49  15:07  Marine x3  
  52  15:16  SCV  
  52  15:17  Battlecruiser  
  59  15:25  Marine x3  
  62  15:43  Marine x3  
  65  15:52  Rapid Reignition System  
  65  16:01  Marine x3  
  67  16:18  Marine  
  67  16:19  Marine x2  
  64  16:36  Marine x2  
  64  16:37  Marine  
  67  16:54  Marine x3  
Show
View Real Time Build Order
Export as new Build Order

SIMPSON Zerg 

Build Orders: Pool First 

Get SALT Encoding   

  12  0:04  Drone  
  13  0:13  Drone  
  14  0:29  Spawning Pool  
  13  0:48  Extractor  
  12  0:52  Extractor  
  12  0:53  Drone x3  
  14  1:07  Overlord  
  14  1:22  Overlord  
  14  1:27  Queen  
  14  1:29  Drone  
  17  2:01  Hatchery  
  17  2:02  Zergling x4  
  18  2:16  Lair  
  18  2:22  Drone  
  19  2:29  Drone  
  20  2:30  Drone  
  21  2:57  Drone x3  
  24  3:16  Spire  
  24  3:18  Drone x2  
  25  3:23  Drone  
  26  3:29  Overseer  
  26  3:32  Overseer  
  26  3:36  Drone  
  26  3:40  Drone x2  
  29  3:44  Drone  
  29  3:47  Drone  
  31  3:52  Overlord  
  31  3:57  Drone  
  32  4:06  Drone x3  
  35  4:11  Extractor  
  35  4:14  Drone x2  
  35  4:15  Extractor  
  35  4:23  Drone  
  36  4:29  Mutalisk  
  36  4:30  Mutalisk  
  40  4:35  Drone  
  41  4:39  Drone  
  41  4:45  Drone  
  43  4:56  Drone  
  44  5:00  Overlord  
  44  5:06  Overlord  
  44  5:15  Zerg Flyer Weapons Level 1  
  44  5:34  Hatchery  
  43  5:37  Mutalisk  
  43  5:38  Mutalisk x5  
  55  5:56  Drone  
  56  5:59  Drone  
  57  6:05  Mutalisk  
  59  6:32  Overlord x2  
  59  6:49  Mutalisk  
  59  6:50  Mutalisk x5  
  71  7:06  Drone x4  
  75  7:09  Zerg Flyer Armor Level 1  
  75  7:23  Extractor  
  75  7:24  Drone x3  
  75  7:27  Extractor, Drone x3  
  79  7:31  Mutalisk  
  81  7:38  Overlord x2  
  81  7:58  Mutalisk x4  
  89  8:08  Overlord x4  
  89  8:09  Overlord  
  89  8:25  Mutalisk  
  89  8:26  Mutalisk x3  
  97  8:38  Infestation Pit  
  97  8:39  Mutalisk  
  97  8:40  Mutalisk  
  100  9:03  Zerg Flyer Weapons Level 2, Mutalisk x3  
  100  9:08  Hatchery  
  105  9:49  Mutalisk  
  105  9:50  Mutalisk x7  
  121  10:15  Pneumatized Carapace  
  121  10:28  Drone  
  122  10:29  Drone x2  
  122  10:30  Drone x6  
  122  10:31  Drone  
  131  10:47  Extractor, Overlord x5  
  130  10:54  Drone x3  
  133  11:04  Extractor  
  132  11:07  Drone x3  
  132  11:10  Drone x2  
  137  11:16  Mutalisk x2  
  137  11:17  Mutalisk x2  
  145  11:25  Zerg Flyer Armor Level 2  
  145  11:30  Mutalisk  
  145  11:31  Mutalisk x3  
  153  11:43  Mutalisk x4  
  161  11:59  Mutalisk  
  161  12:00  Mutalisk x6  
  175  12:12  Mutalisk  
  175  12:13  Mutalisk x2  
  135  13:07  Mutalisk x6  
  135  13:08  Mutalisk x3  
  153  13:27  Mutalisk  
  153  13:28  Mutalisk x2  
  159  13:42  Mutalisk  
  159  13:43  Mutalisk x3  
  59  14:19  Mutalisk x2  
  59  14:20  Mutalisk x4  
  71  14:41  Drone x3  
  71  14:42  Drone x3  
  77  14:46  Mutalisk  
  77  14:47  Mutalisk x2  
  83  15:00  Hatchery  
  83  15:03  Mutalisk  
  83  15:04  Mutalisk x2  
  56  15:36  Mutalisk x8  
  56  15:37  Mutalisk  
  74  15:48  Mutalisk  
  55  16:14  Mutalisk  
  55  16:15  Mutalisk x7  
  66  16:29  Mutalisk  
  66  16:30  Mutalisk  
Show
View Real Time Build Order
Export as new Build Order

Ace Zerg 

Build Orders: Hatch First 

Get SALT Encoding   

  12  0:01  Drone  
  13  0:08  Drone  
  14  0:43  Hatchery  
  13  0:54  Spawning Pool  
  13  0:55  Drone  
  13  0:59  Drone  
  14  1:10  Overlord  
  14  1:18  Overlord  
  14  1:28  Extractor  
  13  1:46  Drone x3  
  16  1:56  Drone  
  16  1:58  Drone  
  16  2:00  Queen  
  20  2:06  Drone  
  21  2:11  Drone  
  22  2:17  Drone  
  22  2:19  Overlord  
  23  2:28  Metabolic Boost  
  23  2:34  Evolution Chamber  
  22  2:37  Drone  
  23  2:48  Queen  
  23  2:50  Drone x2  
  27  2:57  Zergling x2  
  27  2:58  Zergling x4  
  30  3:05  Zerg Melee Weapons Level 1  
  30  3:09  Drone  
  30  3:11  Drone  
  32  3:21  Zergling x8  
  32  3:22  Zergling x2  
  37  3:32  Drone  
  38  3:34  Zergling x2  
  39  3:46  Zergling x4  
  39  3:47  Zergling x6  
  44  3:55  Overlord x2  
  44  4:12  Overlord x3  
  44  4:16  Zergling x8  
  44  4:17  Zergling x2  
  49  4:29  Zergling x4  
  40  4:57  Baneling Nest  
  39  5:00  Zerg Ground Armor Level 1  
  39  5:01  Zergling x12  
  39  5:06  Extractor, Drone x3  
  47  5:09  Drone x3  
  51  5:28  Drone  
  51  5:29  Drone x3  
  54  5:46  Zergling x16  
  62  5:53  Lair  
  62  6:00  Baneling  
  62  6:01  Baneling x8  
  49  6:33  Zergling x2  
  49  6:34  Zergling x18  
  49  6:50  Centrifical Hooks  
  48  7:02  Infestation Pit  
  48  7:05  Extractor  
  48  7:06  Extractor  
  45  7:14  Zergling x12  
  51  7:24  Zerg Melee Weapons Level 2  
  51  7:26  Hatchery  
  50  7:49  Drone x3  
  53  8:01  Drone  
  53  8:03  Drone x3  
  57  8:17  Hive  
  57  8:42  Zergling x2  
  57  8:43  Zergling x22  
  69  8:59  Evolution Chamber  
  68  9:04  Nydus Network  
  47  10:07  Zergling x12  
  47  10:08  Zergling x30  
  47  10:10  Adrenal Glands  
  47  10:11  Zerg Ground Armor Level 2  
  47  10:12  Zerg Melee Weapons Level 3  
  68  10:31  Drone x2  
  72  10:35  Drone x3  
  73  10:50  Overlord x3  
  73  10:55  Overlord x2  
  73  10:56  Overlord x3  
  73  11:09  Zergling x2  
  73  11:10  Zergling x10  
  79  11:36  Drone x2  
  81  11:55  Zergling x18  
  81  11:56  Zergling x12  
  96  12:13  Overlord x6  
  46  13:57  Hydralisk Den  
  45  14:09  Spire  
  44  14:10  Spire  
  43  14:25  Extractor  
  43  14:26  Drone x3  
  43  14:27  Extractor  
  44  14:49  Zerg Missile Weapons Level 1  
  44  14:54  Hydralisk  
  44  14:55  Hydralisk x17  
  44  14:56  Hydralisk x14  
  63  15:52  Hydralisk x9  
  63  15:53  Hydralisk x3  
  73  16:11  Hydralisk  
  73  16:12  Hydralisk x2  
Show
View Real Time Build Order
Export as new Build Order

BeachChicken Protoss 

Build Orders: Nexus First 

Get SALT Encoding   

  1  0:00  Probe  
  13  0:07  Probe  
  14  0:45  Nexus  
  14  0:53  Pylon  
  14  0:56  Probe  
  16  1:11  Probe  
  16  1:16  Assimilator  
  16  1:20  Assimilator  
  16  1:24  Gateway  
  16  1:31  Gateway  
  16  1:34  Probe  
  17  1:42  Probe  
  18  1:52  Probe  
  18  1:56  Probe  
  20  2:04  Pylon, Probe x2  
  22  2:12  Probe, Zealot  
  24  2:19  Zealot  
  24  2:20  Probe  
  27  2:27  Probe  
  29  2:30  Probe  
  30  2:39  Probe  
  30  2:40  Zealot  
  30  2:42  Probe  
  34  2:47  Zealot  
  34  2:51  Probe  
  37  3:01  Gateway  
  37  3:03  Probe x2  
  39  3:14  Pylon  
  39  3:15  Probe x2  
  39  3:17  Zealot x2  
  45  3:27  Probe, Cybernetics Core  
  46  3:35  Assimilator, Probe  
  46  3:39  Assimilator  
  47  3:43  Probe  
  47  3:47  Zealot  
  47  3:48  Zealot  
  52  3:49  Zealot  
  52  3:54  Pylon  
  54  3:59  Pylon  
  54  4:12  Probe  
  55  4:18  Pylon  
  55  4:24  Probe  
  56  4:30  Adept x2  
  56  4:31  Adept  
  62  4:41  Stargate  
  62  4:59  Probe  
  63  5:07  Adept  
  63  5:08  Adept x2  
  63  5:11  Probe  
  63  5:13  Stargate  
  70  5:17  Stargate  
  70  5:22  Forge  
  70  5:34  Forge  
  70  5:39  Robotics Facility  
  42  6:39  Void Ray  
  46  6:40  Void Ray x2  
  54  6:52  Robotics Facility  
  54  7:09  Robotics Facility  
  54  7:21  Photon Cannon  
  54  7:23  Photon Cannon  
  54  7:26  Photon Cannon  
  54  7:28  Void Ray x2  
  54  7:29  Void Ray  
  66  7:38  Zealot  
  66  7:39  Zealot x2  
  66  7:40  Stargate  
  66  7:43  Pylon  
  72  7:47  Pylon  
  72  7:48  Immortal  
  76  7:57  Photon Cannon  
  76  8:00  Photon Cannon  
  76  8:01  Immortal  
  76  8:04  Photon Cannon  
  80  8:28  Immortal  
  80  8:32  Protoss Ground Weapons Level 1  
  84  8:37  Protoss Shields Level 1  
  84  8:43  Nexus  
  84  9:13  Robotics Bay  
  54  9:44  Fleet Beacon  
  54  9:55  Immortal, Cybernetics Core  
  54  9:56  Immortal x2  
  66  10:31  Probe  
  67  10:43  Carrier, Probe  
  67  10:44  Carrier x2  
  67  10:45  Carrier  
  92  10:50  Colossus  
  92  10:51  Colossus  
  92  10:53  Probe  
  105  11:01  Probe  
  105  11:09  Probe  
  106  11:16  Extended Thermal Lance  
  107  11:21  Probe  
  106  11:39  Assimilator  
  106  11:44  Assimilator  
  106  12:21  Colossus  
  109  12:24  Colossus  
  44  13:29  Tempest x2  
  44  13:30  Tempest x2  
  64  14:11  Tempest  
  64  14:12  Tempest x2  
  64  14:13  Tempest  
  64  14:14  Nexus  
  84  14:25  Photon Cannon  
  84  14:28  Photon Cannon  
  84  14:30  Photon Cannon  
  84  14:37  Assimilator  
  72  14:42  Assimilator  
  39  16:15  Pylon, Phoenix x2  
  39  16:16  Phoenix  
  39  16:17  Phoenix  
Tags
 
Add a new tag
Caveats
  • Supply blocks, unpowered buildings, or Contaminate may cause inaccurate times.
  • Supply counts are checked every 10 seconds.